 Dungeon Crawl Stone Soup version 0.29-a0-914-g906f1d757c (webtiles) character file.

Game seed: 3458879844201482177

2931 inmateoo the Ruffian (level 9, -5/42 HPs)
             Began as a Vine Stalker Fighter on July 27, 2022.
             Was a Priest of Hepliaklqana.
             Slain by a human
             ... wielding a +2 vorpal hand axe
              (8 damage)
             ... in a bailey.
             The game lasted 00:06:31 (5397 turns).

inmateoo the Ruffian (Vine Stalker Fighter)         Turns: 5397, Time: 00:06:31

Health: -5/42      AC:  9    Str: 22    XL:     9   Next: 79%
Magic:  0/15       EV: 10    Int:  8    God:    Hepliaklqana [***...]
Gold:   322        SH:  5    Dex: 15    Spells: 15/15 levels left

rFire   . . .      SeeInvis .     - Unarmed
rCold   . . .      Faith    .   b - +0 buckler
rNeg    . . .      Spirit   +   a - +0 scale mail
rPois   .          Reflect  .   e - +0 helmet
rElec   .          Harm     .   (no cloak)
rCorr   .          Rampage  .   (no gloves)
Will    ++...                   u - +0 pair of boots
Stlth   ..........              (no amulet)
HPRegen 0.94/turn               v - ring of willpower
MPRegen 0.14/turn               (no ring)

@: no status effects
A: reduced essence, fangs 3, regeneration 1, magic shield, antimagic bite, no
potion heal 2
a: Renounce Religion, Recall Ancestor, Ancestor Identity, Transference


You were in a bailey.
You worshipped Hepliaklqana.
Hepliaklqana was most pleased with you.
You visited 1 branch of the dungeon, and saw 7 of its levels.
You also visited: Bailey.

You collected 322 gold pieces.

Inventory:

Armour
 a - a +0 scale mail (worn)
 b - a +0 buckler (worn)
 e - a +0 helmet (worn)
 u - a +0 pair of boots (worn)
Jewellery
 d - a ring of see invisible
 v - a ring of willpower (left hand)
Wands
 j - a wand of polymorph (7)
 l - a wand of paralysis (5)
 n - a wand of flame (14)
Scrolls
 g - a scroll of magic mapping {unknown}
 h - a scroll of immolation
 k - 4 scrolls of fear
 o - 4 scrolls of teleportation
 p - 3 scrolls of blinking
 t - a scroll of enchant armour
Potions
 c - 2 potions of might
 f - 2 potions of mutation
 i - a potion of haste
 r - a potion of brilliance
 w - 3 potions of curing
 x - a potion of flight


   Skills:
 + Level 5.2 Fighting
 + Level 4.7 Armour
 + Level 1.7 Dodging
 + Level 5.2 Shields
 * Level 7.2 Unarmed Combat
 + Level 3.7 Spellcasting
 * Level 5.3 Invocations


You had 15 spell levels left.
You didn't know any spells.
Your spell library contained the following spells:

 Spells                   Type           Power      Damage    Failure   Level
 Apportation              Tloc           2%         N/A       67%         1
 Necrotise                Necr           4%         1d4       67%         1
 Slow                     Hex            4%         N/A       67%         1
 Summon Small Mammal      Summ           4%         N/A       67%         1
 Confusing Touch          Hex            1%         N/A       96%         3
 Vampiric Draining        Necr           1%         2d6       96%         3
 Agony                    Necr           1%         N/A       100%        5


Dungeon Overview and Level Annotations

Branches:
Dungeon (7/15)             Temple (0/1) D:5          Bailey (1/1)

Altars:
Dithmenos
Hepliaklqana
Kikubaaqudgha
Okawaru
Qazlal
Trog
Xom
The Shining One

Shops:
D:1 :

Annotations:
D:1 1 transporter
D:3 funkygono's ghost, novice GrFE


Innate Abilities, Weirdness & Mutations

Your life essence is reduced to manifest your ancestor. (-10% HP)
You have razor-sharp teeth.
Your natural rate of healing is unusually fast.
When hurt, damage is shared between your health and your magic reserves.
Your bite disrupts and absorbs the magic of your enemies.
Potions cannot restore your health.


Message History

You closely miss the bullfrog.
The bullfrog is moderately wounded.
The bullfrog hits you.
* * * LOW HITPOINT WARNING * * *
The bullfrog hits you but does no damage.
You pummel the bullfrog!!
You kill the bullfrog!
Your transformation is almost over.
You block the bullfrog's attack.
The bullfrog hits you but does no damage.
You pummel the bullfrog!!
You kill the bullfrog!
You barely miss the human.
You smack the human!
The human is moderately wounded.
The human hits you but does no damage.
You completely miss the human.
The human is moderately wounded.
You block the human's attack. The human hits you but does no damage.
You hit the human.
The human is moderately wounded.
The human hits you but does no damage.
The human hits you with a +2 vorpal hand axe.
* * * LOW HITPOINT WARNING * * *
x2 You smack the human!
The human is almost dead.
The human hits you but does no damage.
The human hits you with a +2 vorpal hand axe.
* * * LOW HITPOINT WARNING * * *
x2 You smack the human!
You kill the human!
The human hits you but does no damage.
You smack the human!
The human is moderately wounded.
You feel less wooden.
Your +0 helmet unmelds from your body.
Your +0 pair of boots unmelds from your body.
Your +0 scale mail unmelds from your body.
The human hits you with a +2 vorpal hand axe!
You die...

#≈≈p.≈####
#F†pF≈#..+
###F###..####+##
#.F...#...##≈≈≈##
#.....#...#≈≈≈≈≈#
#FF####...#≈≈≈≈≈#
#....#F.))#≈≈≈≈≈#
##..F...#p#'#≈≈##
##....##@).####
######.....#
#.∩.∩.# #.....#
##...## #####


You could see a human.

Vanquished Creatures
  Sigmund (D:2)
  A human (Bailey)
  A sky beast (D:7)
  A phantom (D:6)
  6 bullfrogs (Bailey)
  3 scorpions
  2 howler monkeys
  An orc priest (D:5)
  Natasha (thrice) (D:2 D:3)
  10 adders
  5 gnolls
  A shadow imp (D:6)
  A white imp (D:6)
  2 worms
  A dart slug (D:1)
  9 orcs
  4 ball pythons
  7 bats
  10 endoplasms
  2 giant cockroaches
  6 goblins
  12 hobgoblins
  2 jackals (D:3)
  11 kobolds
  3 quokkas
  3 frilled lizards
  11 rats
119 creatures vanquished.

Vanquished Creatures (collateral kills)
  3 humans (Bailey)
  A steam dragon (D:6)
  A sky beast (D:5)
  An ice beast (D:6)
  7 bullfrogs
  2 scorpions
  A hound (D:5)
  A gnoll bouda (D:6)
  A jelly (D:6)
  3 orc wizards (D:5)
  A gnoll (D:6)
  An adder (D:4)
  An ufetubus (D:4)
  3 orcs (D:5)
  An endoplasm (D:4)
  4 goblins
  A ball python (D:4)
  A kobold (D:4)
34 creatures vanquished.

Vanquished Creatures (others)
  A battlemage (Bailey)
1 creature vanquished.

Grand Total: 154 creatures vanquished

Notes
Turn   | Place    | Note
-------+----------+-------------------------------------------
     0 | D:1      | inmateoo the Vine Stalker Fighter began the quest for the
                  | Orb.
     0 | D:1      | Reached XP level 1. HP: 11/11 MP: 2/2
   385 | D:1      | Reached XP level 2. HP: 16/16 MP: 3/3
   609 | D:1      | Reached XP level 3. HP: 13/19 MP: 4/4
   738 | D:1      | Found Dunaozae's Vocational Training.
  1048 | D:1      | Found a faded altar of an unknown god.
  1134 | D:2      | Noticed Natasha
  1145 | D:2      | Killed Natasha
  1146 | D:2      | Reached skill level 3 in Unarmed Combat
  1146 | D:2      | Gained mutation: Your natural rate of healing is unusually
                  | fast. [Vine Stalker growth]
  1146 | D:2      | Reached XP level 4. HP: 12/24 MP: 5/5
  1163 | D:2      | Noticed Natasha
  1174 | D:2      | Killed Natasha
  1246 | D:2      | Noticed Sigmund
  1248 | D:2      | Noticed Natasha
  1285 | D:3      | Killed Natasha
  1286 | D:3      | Reached XP level 5. HP: 13/28 MP: 4/6
  1378 | D:2      | Killed Sigmund
  1379 | D:2      | Reached skill level 4 in Unarmed Combat
  1379 | D:2      | Reached XP level 6. HP: 28/32 MP: 7/7
  1923 | D:3      | Found a hazy altar of Hepliaklqana.
  1966 | D:3      | Became a worshipper of Hepliaklqana the Forgotten
  2059 | D:3      | Found a runed translucent door.
  2104 | D:3      | Noticed a moth of wrath
  2107 | D:3      | Found a bloodstained altar of Trog.
  2432 | D:3      | Reached * piety under Hepliaklqana
  2534 | D:3      | Noticed funkygono's ghost (novice GrFE)
  2588 | D:3      | Identified the +2 robe of Valiance {Will+}
  2637 | D:3      | Found an iron altar of Okawaru.
  2637 | D:3      | Found an ancient bone altar of Kikubaaqudgha.
  2745 | D:3      | Reached skill level 1 in Spellcasting
  2745 | D:3      | Reached XP level 7. HP: 17/33 MP: 9/9
  2758 | D:3      | HP: 1/33 [poisoned by funkygono's ghost]
  2763 | D:3      | HP: 1/33 [poisoned by funkygono's ghost]
  2881 | D:4      | Reached skill level 1 in Invocations
  3126 | D:4      | Reached skill level 5 in Unarmed Combat
  3314 | D:4      | Reached ** piety under Hepliaklqana
  3315 | D:4      | Remembered your ancestor Ingiyab as a battlemage
  3773 | D:5      | Entered Level 5 of the Dungeon
  3857 | D:5      | Found a staircase to the Ecumenical Temple.
  3879 | D:5      | Found a shadowy altar of Dithmenos.
  4118 | D:5      | Gained mutation: You have razor-sharp teeth. [Vine Stalker
                  | growth]
  4118 | D:5      | Reached XP level 8. HP: 37/37 MP: 9/11
  4143 | D:5      | Reached *** piety under Hepliaklqana
  4545 | D:6      | Identified the +2 ring mail of the Great Game {Dex+6}
  4604 | D:6      | Reached skill level 6 in Unarmed Combat
  4929 | D:5      | Found a stormy altar of Qazlal.
  4929 | D:5      | Found a glowing golden altar of the Shining One.
  4929 | D:5      | Found a shimmering altar of Xom.
  5271 | D:7      | Found a flagged portal.
  5287 | D:7      | Reached XP level 9. HP: 35/41 MP: 10/14
  5294 | Bailey   | Entered a bailey
  5326 | Bailey   | Reached skill level 5 in Fighting
  5326 | Bailey   | Reached skill level 1 in Dodging
  5360 | Bailey   | Reached skill level 5 in Shields
  5365 | Bailey   | Reached skill level 7 in Unarmed Combat
  5369 | Bailey   | Reached skill level 5 in Invocations
  5376 | Bailey   | HP: 2/42 [bullfrog (5)]
  5395 | Bailey   | HP: 3/63 [human/+2 vorpal hand axe (1)]
  5397 | Bailey   | Slain by a human

Illustrated notes

Levels and vault maps discovered:
D:1:      spicycebolla_arrival_risky_transporter, layout_loops_ring,
          shapermc_ecumenical_altar_mp_ritualfount, minivault_23,
          corexii_corridor_pit, minmay_misc_feat_roman, nicolae_shop_vocational
D:2:      layout_basic, uniq_natasha, uniq_sigmund
D:3:      layout_basic, worldfamousw_hep_ancestral_shrine, tgw_trog, minitemple,
          ebering_ghost_sewer_d
D:4:      layout_gridville
D:5:      layout_loops_ring, nicolae_overflow_hidden_temple,
          minmay_temple_entry_fiery, ebering_dispersal_statue_hall,
          dk_vineyard_2, serial_park_tiny_2
D:6:      layout_loops_ring, hangedman_decor_points
D:7:      layout_cave_pods, tgw_sif, enter_bailey_5, uniq_menkaure
Bailey:   bailey_axe_froggy_fort_hellmonk, bailey

Skill      XL: |  1  2  3  4  5  6  7  8  9 |
---------------+----------------------------+-----
Fighting       | 3 4 5 |  5.2
Shields        | 3 4 5 |  5.2
Unarmed Combat | 3 4 5 6 7 |  7.2
Armour         | 3 4 |  4.7
Spellcasting   | 1 2 3 |  3.7
Invocations    | 2 4 5 |  5.3
Dodging        | 1 |  1.7

Action                   |  1- 3 |  4- 6 |  7- 9 || total
-------------------------+-------+-------+-------++-------
Melee: Unarmed           |    74 |   186 |   170 ||   430
       Bite              |    18 |    51 |    41 ||   110
Invok: Recall Ancestor   |       |       |     1 ||     1
       Ancestor Life: Ba |       |       |     1 ||     1
  Use: Scroll            |       |       |    15 ||    15
       Potion            |       |       |     2 ||     2
 Stab: Distracted        |       |       |     3 ||     3
Armor: Scale mail        |    32 |    68 |    48 ||   148
       Skin              |       |       |    18 ||    18
Dodge: Dodged            |    34 |    74 |    65 ||   173
Block: Buckler           |    14 |    30 |    47 ||    91

Table legend: (Time is in decaauts)
 A = Elapsed time spent in this place.
 B = Non-inter-level travel time spent in this place.
 C = Inter-level travel time spent in this place.
 D = Time resting spent in this place.
 E = Time spent auto-exploring this place.
 F = Levels seen in this place.
 G = Mean time per level.
                   A        B        C        D        E       F      G
               +--------+--------+--------+--------+--------+-----+--------+
         Total |   5389 |   5098 |    291 |    562 |   3394 |   8 |  673.6 |
       Dungeon |   5289 |   4998 |    291 |    545 |   3386 |   7 |  755.6 |
        Bailey |    100 |    100 |      0 |     17 |      8 |   1 |  100.0 |
               +--------+--------+--------+--------+--------+-----+--------+

Top non-repeatable levels by time:
     D:1: 1145 daAuts
     D:3: 964 daAuts
     D:4: 953 daAuts
     D:5: 796 daAuts
     D:2: 756 daAuts
     D:6: 649 daAuts
  Bailey: 100 daAuts
     D:7: 22 daAuts
